 Dungeon Crawl Stone Soup version 0.31-a0-354-g827e0957a7 (webtiles) character file.

Game seed: 16557044256015786684

285 randomguy2701 the Chopper (level 6, -3/55 HPs)
             Began as a Hill Orc Fighter on July 24, 2023.
             Slain by Duvessa
             ... wielding a +0 short sword
              (8 damage)
             ... on level 6 of the Dungeon.
             The game lasted 00:05:37 (2367 turns).

randomguy2701 the Chopper (Hill Orc Fighter)        Turns: 2367, Time: 00:05:38

Health: -3/55      AC: 13    Str: 21    XL:     6   Next: 29%
Magic:  6/6        EV:  6    Int:  8    God:
Gold:   198        SH:  9    Dex: 10    Spells: 5/5 levels left

rFire   . . .        a - +0 war axe
rCold   . . .        c - +0 buckler
rNeg    + . .        e - +0 plate armour
rPois   .            (no helmet)
rElec   .            (no cloak)
rCorr   .            p - +0 pair of gloves
SInv    .            (no boots)
Will    .....        h - amulet of reflection Stlth
                     k - ring of positive energy
HPRegen 0.29/turn    (no ring)
MPRegen 0.10/turn

%: reflection
@: no status effects
A: no striking features
a: no special abilities


You were on level 6 of the Dungeon.
You visited 1 branch of the dungeon, and saw 6 of its levels.

You collected 198 gold pieces.

Inventory:

Hand Weapons
 a - a +0 war axe (weapon)
Armour
 b - a +0 scale mail
 c - a +0 buckler (worn)
 e - a +0 plate armour (worn)
 p - a +0 pair of gloves (worn)
Jewellery
 h - an amulet of reflection (around neck)
 k - a ring of positive energy (left hand)
 v - a ring of protection from fire
 w - a +6 ring of intelligence
 x - a +6 ring of intelligence
Wands
 s - a wand of roots (5)
Scrolls
 f - a scroll of vulnerability {unknown}
 g - a scroll of fog {unknown}
 i - a scroll of immolation {unknown}
 l - a scroll of blinking {unknown}
 n - 3 scrolls of teleportation {unknown}
 t - a scroll of amnesia {unknown}
 u - 3 scrolls of identify {unknown}
 y - a scroll of poison {unknown}
Potions
 d - 2 potions of enlightenment {unknown}
 j - a potion of degeneration {unknown}
 m - a potion of heal wounds {unknown}
 o - a potion of experience {unknown}
 q - 2 potions of haste {unknown}
 r - a potion of attraction {unknown}
 z - 2 potions of curing {unknown}


   Skills:
 + Level 4.8 Fighting
 + Level 6.1 Axes
 + Level 4.2 Armour
 + Level 0.3 Stealth
 + Level 4.1 Shields


You had 5 spell levels left.
You didn't know any spells.
Your spell library contained the following spells:

 Spells                   Type           Power      Damage    Failure   Level
 Sandblast                Erth           0%         2d4       100%        1
 Passwall                 Tmut/Erth      0%         N/A       100%        2
 Frozen Ramparts          Ice            0%         1d1       100%        3
 Gell's Gravitas          Tloc           0%         N/A       100%        3
 Stone Arrow              Conj/Erth      0%         3d7       100%        3
 Teleport Other           Tloc           0%         N/A       100%        3
 Petrify                  Tmut/Erth      0%         N/A       100%        4
 Metabolic Englaciation   Hex/Ice        0%         N/A       100%        5
 Dispersal                Tloc           0%         N/A       100%        6


Dungeon Overview and Level Annotations

Branches:
Dungeon (6/15)
 Temple: D:4-7

Altars:
Ashenzari

Annotations:
D:2 Sigmund
D:4 Grinder
D:6 Dowan, Duvessa


Message History

There is a stone staircase leading down here.
Duvessa hits you but does no damage.
The phantom hits you but does no damage.
You climb downwards.
Found a scroll labelled UTAICR IBOSUU.
There is a stone staircase leading up here.
You block the phantom's attack.
You climb upwards.
You hear the sound of rushing water.
There is an entrance to a sewer on this level.
Hurry and find it before the portal rusts away!
Level annotation: Dowan, Duvessa You block Duvessa's attack.
Duvessa hits you with a +0 short sword. You block Duvessa's attack.
There is a stone staircase leading down here.
The phantom closely misses you. You block Duvessa's attack.
Dowan hits you but does no damage.
You climb downwards.
There is a stone staircase leading up here.
Duvessa attacks as you move away! Duvessa hits you but does no damage.
The phantom attacks as you move away! You block the phantom's attack.
Duvessa hits you with a +0 short sword. Duvessa hits you with a +0 short sword.
Duvessa hits you with a +0 short sword. Duvessa attacks as you move away!
Duvessa hits you with a +0 short sword.
* * * LOW HITPOINT WARNING * * *
Duvessa says, "Beauty is only skin deep, and my weapons penetrate much further than that."
Dowan says, "Where the sword fails, magic succeeds!"
Duvessa hits you with a +0 short sword.
* * * LOW HITPOINT WARNING * * *
Dowan points at you and mumbles some strange words.
The puff of flame hits you!
* * * LOW HITPOINT WARNING * * *
Duvessa hits you but does no damage.
Duvessa says, "When magic and the sword combine, nothing stands against them."
Duvessa attacks as you move away! Duvessa hits you but does no damage.
Duvessa says, "Where magic fails, the sword succeeds!"
Duvessa barely misses you.
Dowan casts a spell.
Dowan blinks!
Duvessa hits you with a +0 short sword!
You die...

#............
#...........
######..<.......
#.............?.
#......#########
#......###### #########.
#...........# #.........
#####.....e.###.........
#........W.e@.......
#...................
#######.....######..
#.....# #.....# #.....#
#.....# #.....# #######


You could see Duvessa (fast), a phantom and Dowan.

Vanquished Creatures
  2 phantoms (D:5)
  A howler monkey (D:5)
  Jessica (D:3)
  3 adders
  3 dart slugs
  5 orcs
  3 ball pythons
  5 bats
  4 endoplasms
  3 giant cockroaches
  2 hobgoblins
  4 jackals (D:1)
  2 quokkas (D:4)
  A frilled lizard (D:3)
  3 goblins
  4 kobolds
46 creatures vanquished.

Notes
Turn   | Place    | Note
-------+----------+-------------------------------------------
     0 | D:1      | randomguy2701 the Hill Orc Fighter began the quest for the
                  | Orb.
     0 | D:1      | Reached XP level 1. HP: 19/19 MP: 1/1
   158 | D:1      | Reached XP level 2. HP: 17/27 MP: 2/2
   407 | D:1      | Reached skill level 3 in Axes
   910 | D:1      | Reached XP level 3. HP: 33/33 MP: 3/3
  1138 | D:2      | Noticed Sigmund
  1244 | D:3      | Reached XP level 4. HP: 36/41 MP: 4/4
  1748 | D:3      | Noticed Jessica
  1764 | D:3      | Killed Jessica
  1765 | D:3      | Reached skill level 4 in Axes
  1911 | D:4      | Identified the +2 leather armour of Zeden {rF- Will++}
  2109 | D:4      | Noticed Grinder
  2112 | D:4      | Paralysed by Grinder for 2 turns
  2125 | D:5      | Entered Level 5 of the Dungeon
  2143 | D:5      | Noticed a phantom
  2145 | D:5      | Noticed a phantom
  2151 | D:5      | Killed a phantom
  2152 | D:5      | Reached skill level 5 in Axes
  2152 | D:5      | Reached XP level 5. HP: 47/47 MP: 5/5
  2153 | D:5      | Killed a phantom
  2154 | D:5      | Reached XP level 6. HP: 55/55 MP: 6/6
  2171 | D:5      | Found a broken altar of Ashenzari.
  2260 | D:5      | Noticed Duvessa
  2261 | D:5      | Reached skill level 6 in Axes
  2295 | D:5      | Noticed Dowan
  2367 | D:6      | Slain by Duvessa

Illustrated notes

Levels and vault maps discovered:
D:1:      giann_horns, layout_loops_corners, st_stairs_13,
          minmay_misc_feat_more_columns, grunt_decor_clamped
D:2:      wad_river_or_something, layout_loops_corners,
          shapermc_ecumenical_altar_notcrosses, grunt_ministairs_12,
          nicolae_eternal_life, uniq_sigmund
D:3:      layout_loops_ring, uniq_jessica
D:4:      nicolae_BIG_FREAKIN_CUBE, layout_loops_ring, uniq_menkaure,
          uniq_grinder
D:5:      layout_layer_cave, mainiacjoe_overflow_surrounded_room,
          portal_sewer_entry_d, minmay_misc_feat_nine_boxes, uniq_duvessa
D:6:      layout_basic, biasface_ghost_orc_armoury, serial_shops,
          nicolae_shop_tiny_real_fake_doors

Skill      XL: |  1  2  3  4  5  6 |
---------------+-------------------+-----
Axes           | 3 5 6 |  6.1
Fighting       | 4 |  4.8
Armour         | 4 |  4.2
Shields        | 4 |  4.1
Stealth        | |  0.3

Action                     |  1- 3 |  4- 6 || total
---------------------------+-------+-------++-------
  Melee: War axe           |    92 |    53 ||   145
  Evoke: Wand              |       |     2 ||     2
    Use: Potion            |       |     1 ||     1
 Armour: Plate armour      |    76 |    50 ||   126
         Scale mail        |     1 |       ||     1
  Dodge: Dodged            |    28 |    23 ||    51
  Block: Buckler           |    29 |    40 ||    69

Table legend: (Time is in decaauts)
 A = Elapsed time spent in this place.
 B = Non-inter-level travel time spent in this place.
 C = Inter-level travel time spent in this place.
 D = Time resting spent in this place.
 E = Time spent auto-exploring this place.
 F = Levels seen in this place.
 G = Mean time per level.
                   A        B        C        D        E       F      G
               +--------+--------+--------+--------+--------+-----+--------+
         Total |   2425 |   2377 |     48 |      0 |   1832 |   6 |  404.2 |
       Dungeon |   2425 |   2377 |     48 |      0 |   1832 |   6 |  404.2 |
               +--------+--------+--------+--------+--------+-----+--------+

Top non-repeatable levels by time:
     D:1: 1041 daAuts
     D:3: 750 daAuts
     D:4: 242 daAuts
     D:5: 231 daAuts
     D:2: 144 daAuts
     D:6: 15 daAuts
